 Dungeon Crawl Stone Soup version 0.24.0-37-gcf1ca852f1 (webtiles) character file.

Game seed: 14233611836737945398, levelgen mode: deterministic

13 FishyPogo the Charmwright (level 2, -4/26 HPs)
             Began as a Gnoll Skald on Dec 8, 2019.
             Slain by a gnoll (6 damage)
             ... on level 1 of the Dungeon.
             The game lasted 00:00:52 (199 turns).

FishyPogo the Charmwright (Gnoll Skald)              Turns: 199, Time: 00:00:53

Health: -4/26      AC:  3    Str: 13    XL:     2   Next: 37%
Magic:  4/7        EV: 14    Int: 15    God:
Gold:   27         SH:  0    Dex: 14    Spells: 5/10 levels left

rFire    . . .     SeeInvis .   a - +0 falchion
rCold    . . .     Gourm    .   (no shield)
rNeg     . . .     Faith    .   b - +0 leather armour
rPois    .         Spirit   .   (no helmet)
rElec    .         Reflect  .   (no cloak)
rCorr    .         Harm     .   (no gloves)
MR       .....                  (no boots)
Stlth    +.........             (no amulet)
HPRegen  0.08/turn              (no ring)
MPRegen  0.10/turn              (no ring)

@: singing
A: distributed training, fangs 1, strong nose
a: no special abilities


You were on level 1 of the Dungeon.
You were not hungry.

You visited 1 branch of the dungeon, and saw 1 of its levels.

You collected 27 gold pieces.

Inventory:

Hand Weapons
 a - a +0 falchion (weapon)
Missiles
 e - 18 stones (quivered)
Armour
 b - a +0 leather armour (worn)
Scrolls
 f - a scroll of blinking {unknown}
Potions
 g - a potion of lignification {unknown}
Comestibles
 c - 7 chunks of flesh
 d - 3 rations


   Skills:
 + Level 4.4 Fighting
 + Level 0.3 Short Blades
 + Level 4.4 Long Blades
 + Level 0.3 Axes
 + Level 0.3 Maces & Flails
 + Level 0.3 Polearms
 + Level 0.3 Staves
 + Level 0.3 Slings
 + Level 0.3 Bows
 + Level 0.3 Crossbows
 + Level 0.3 Throwing
 + Level 2.4 Armour
 + Level 4.4 Dodging
 + Level 0.3 Stealth
 + Level 0.3 Shields
 + Level 0.3 Unarmed Combat
 + Level 4.9 Spellcasting
 + Level 0.2 Conjurations
 + Level 0.2 Hexes
 + Level 5.3 Charms
 + Level 0.2 Summonings
 + Level 0.2 Necromancy
 + Level 0.2 Translocations
 + Level 0.2 Transmutations
 + Level 0.2 Fire Magic
 + Level 0.2 Ice Magic
 + Level 0.2 Air Magic
 + Level 0.2 Earth Magic
 + Level 0.2 Poison Magic
 + Level 0.4 Invocations
 + Level 0.3 Evocations


You had 5 spell levels left.
You knew the following spells:

 Your Spells              Type           Power        Failure   Level  Hunger
p - Shroud of Golubria    Chrm/Tloc      ##....       10%         2    ##.....
u - Song of Slaying       Chrm           ###.....     3%          2    ##.....
y - Infusion              Chrm           ###.         2%          1    None

Your spell library contained the following spells:

 Spells                   Type           Power        Failure   Level  Hunger
 Regeneration             Chrm/Necr      ##........   21%         3    ###....
 Spectral Weapon          Hex/Chrm       ##......     21%         3    ###....


Dungeon Overview and Level Annotations

Branches:
Dungeon (1/15)

Altars:


Innate Abilities, Weirdness & Mutations

Your experience applies equally to all skills.
You have very sharp teeth.
Your uncanny sense of smell can sniff out nearby items.


Message History

A kobold comes into view. It is wielding a +0 dagger.
The hobgoblin closely misses you.
A frilled lizard comes into view.
You hit the hobgoblin but do no damage.
The hobgoblin is severely wounded.
The hobgoblin hits you.
You hit the hobgoblin.
You kill the hobgoblin!
Casting: Song of Slaying (safe; 3% risk of failure)
Confirm with . or Enter, or press ? or * to list all spells.
Space distorts slightly along a thin shroud covering your body.
A dart slug comes into view.
The gnoll hits you!
* * * LOW HITPOINT WARNING * * *
Your shroud falls apart!
You hit the gnoll.
The gnoll is moderately wounded.
You hear a bark!
The gnoll hits you.
You die...

########## #.........
#######.#.......
##.............. ###
................ $...
.#.#####.#.# ....w ...........#
#####.....# .#.#####...#
#..@gK.l... .#.# #...#
#.###%.###. .#.# #...###.# .#
.#.# #.).)...# ###### .#.#
####.########....###
.#.###.##.# ###...#....##
.#.##.#.#.####.....#.....#####
.#...###.....#....###)(......##
......#...####.<.###........#.#


You could see a gnoll, a dart slug, a kobold and a frilled lizard.

Vanquished Creatures
  A dart slug (D:1)
  3 goblins (D:1)
  3 hobgoblins (D:1)
  2 bats (D:1)
  A frilled lizard (D:1)
10 creatures vanquished.

Notes
Turn   | Place    | Note
-------+----------+-------------------------------------------
     0 | D:1      | FishyPogo the Gnoll Skald began the quest for the Orb.
     0 | D:1      | Reached XP level 1. HP: 20/20 MP: 6/6
    87 | D:1      | Reached XP level 2. HP: 19/26 MP: 7/7
    96 | D:1      | Learned a level 2 spell: Song of Slaying
    99 | D:1      | Learned a level 2 spell: Shroud of Golubria
   198 | D:1      | HP: 1/26 [gnoll (7)]
   199 | D:1      | Slain by a gnoll

Levels and vault maps discovered:
D:1:      dpeg_arrival_arbitrary_a, layout_loops_ring

Action                   || total
-------------------------++-------
Melee: Falchion          ||    34
       Bite              ||     4
 Cast: Shroud of Golubri ||     2
       Infusion          ||     1
       Song of Slaying   ||     1
Armor: Leather armour    ||     5
Dodge: Dodged            ||    20
       Rpst.: Falchion   ||     5
